 Dungeon Sprint DCSS version 0.17-a0-1738-g82cdc46 (webtiles) character file.

1500000 ztt the Portalist (level 15, -14/146 HPs)
             Began as a Centaur Warper on Aug 30, 2015.
             Was a Priest of Makhleb.
             Demolished by a meat berserker
             ... wielding a +9 battleaxe
              (50 damage)
             ... in the Dungeon (Sprint VIII: "Arena of Blood").
             The game lasted 00:00:20 (15 turns).

ztt the Portalist (Centaur Warper)                    Turns: 15, Time: 00:00:20

Health: -14/146    AC:  5    Str: 14    XL:     15   Next: 57%
Magic:  4/33       EV: 17    Int: 12    God:    Makhleb [***...]
Gold:   0          SH:  0    Dex: 15    Spells: 1 memorised, 42 levels left

rFire  . . .     SeeInvis .     l - +∞ Axe of Woe
rCold  . . .     Clarity  .     b - +0 leather armour
rNeg   . . .     SustAt   .     (no shield)
rPois  .         Gourm    .     (no helmet)
rElec  .         Spirit   .     (no cloak)
rCorr  .         Warding  .     (no gloves)
rMut   .         NoTele   +     (no barding)
MR     +....                    (no amulet)
Stlth  +.........               (no ring)
                                (no ring)

@: very quick, somewhat resistant to hostile enchantments, very unstealthy
A: hooves 3, deformed body, speed 2, tough skin 3
a: Minor Destruction, Lesser Servant of Makhleb, Renounce Religion


You were in the Dungeon.
You worshipped Makhleb.
Makhleb was most pleased with you.
You were not hungry.

You visited 1 branch

Inventory:

Hand weapons
 a - a +0 hand axe
 l - the +∞ Axe of Woe (weapon)
   (You found it in the Dungeon)
Missiles
 e - 5 tomahawks of dispersal (quivered)
Armour
 b - a +0 leather armour (worn)
Scrolls
 d - 2 scrolls of blinking
Potions
 g - a potion of curing
 h - a potion of heal wounds
 i - a potion of haste
 j - 2 potions of magic
 k - a potion of berserk rage
Books
 c - a book of Spatial Translocations

   Spells                             Type                      Level
   a - Apportation                    Translocation                1
   b - Blink                          Translocation                2
   c - Shroud of Golubria             Charms/Translocation         2
   d - Portal Projectile              Translocation                3
   e - Teleport Other                 Translocation                3
   f - Passage of Golubria            Translocation                4
Comestibles
 f - a bread ration


   Skills:
 + Level 16.8 Fighting
 + Level 15.5 Axes
 + Level 7.8 Throwing
 + Level 3.8 Armour
 + Level 12.7 Dodging
 + Level 14.6 Spellcasting
 + Level 25.9 Translocations


You had 42 spell levels left.
You knew the following spells:

 Your Spells              Type           Power        Failure   Level  Hunger
a - Apportation           Tloc           ######....   0%          1    None


Dungeon Overview and Level Annotations

Branches:
Dungeon (1/1)

Altars:
Makhleb


Innate Abilities, Weirdness & Mutations

You have hooves in place of feet.
Armour fits poorly on your strangely shaped body.
You cover ground very quickly.
You have extremely tough skin (AC +3).


Message History

Your Fighting skill increases to level 16!
Your Dodging skill increases to level 12!
Your Spellcasting skill increases to level 14!
Your Translocations skill increases to level 25!
You have reached level 15!
Your experience leads to an increase in your attributes!
Increase (S)trength, (I)ntelligence, or (D)exterity?
You feel agile.
You slash the bag of meat!
You pulverise the bag of meat into a thin bloody mist.
You kill the bag of meat!
Makhleb accepts your kill.
You can now summon a lesser servant of Makhleb.
You feel better.
Your Axes skill increases to level 15!
You hear a shout! x5
The meat berserker hits you with a +9 battleaxe!!
* * * LOW HITPOINT WARNING * * *
The meat berserker hits you with a +9 battleaxe!!!
You die...

o.o.###... ..###.
.........###.......
.#........_........
.......#.....# .O..
.....o.#_.<._#.....
.......#.....#.....
.#....O..._........
......)..###.......
....###..o)@OO###.
.. #...Ooo.#
#..o...O#
...o......o..
.............o.
...oo..........#
.............##o.
...#........#. o.


You could see 6 meat berserkers and 11 bags of meat.

Vanquished Creatures
  An ogre (D)
  5 orcs (D)
6 creatures vanquished.

Notes
Turn   | Place    | Note
--------------------------------------------------------------
     0 | D        | ztt the Centaur Warper began the quest for the Orb.
     0 | D        | Reached XP level 1. HP: 17/17 MP: 3/3
     4 | D        | Noticed a bag of meat
     4 | D        | Became a worshipper of Makhleb the Destroyer
     5 | D        | Noticed a bag of meat
     5 | D        | Noticed a bag of meat
     7 | D        | Noticed a bag of meat
     7 | D        | Noticed a bag of meat
     8 | D        | Noticed a bag of meat
     8 | D        | Killed a bag of meat
     8 | D        | Reached skill level 10 in Fighting
     8 | D        | Reached skill level 17 in Translocations
     8 | D        | Reached XP level 2. HP: 21/39 MP: 3/12
     8 | D        | Reached XP level 3. HP: 24/46 MP: 3/14
     8 | D        | Reached XP level 4. HP: 27/53 MP: 3/15
     8 | D        | Reached XP level 5. HP: 30/59 MP: 3/17
     8 | D        | Reached XP level 6. HP: 34/67 MP: 3/18
     8 | D        | Reached XP level 7. HP: 37/73 MP: 3/20
     8 | D        | Reached XP level 8. HP: 41/81 MP: 3/21
     8 | D        | Reached XP level 9. HP: 43/86 MP: 3/22
     8 | D        | Reached XP level 10. HP: 47/94 MP: 3/23
     8 | D        | Reached XP level 11. HP: 50/101 MP: 3/24
     9 | D        | Noticed a bag of meat
     9 | D        | Noticed a bag of meat
     9 | D        | Noticed a bag of meat
    10 | D        | Noticed a bag of meat
    10 | D        | Noticed a bag of meat
    11 | D        | Noticed a bag of meat
    11 | D        | Noticed a meat berserker
    11 | D        | Noticed a bag of meat
    11 | D        | Noticed a meat berserker
    13 | D        | Noticed a meat berserker
    13 | D        | Killed a bag of meat
    13 | D        | Acquired Makhleb's first power
    13 | D        | Reached skill level 20 in Translocations
    13 | D        | Reached XP level 12. HP: 54/113 MP: 3/27
    14 | D        | Noticed a bag of meat
    14 | D        | Noticed a bag of meat
    14 | D        | Noticed a meat berserker
    14 | D        | Killed a bag of meat
    14 | D        | Reached skill level 10 in Dodging
    14 | D        | Reached skill level 21 in Translocations
    14 | D        | Reached XP level 13. HP: 57/122 MP: 4/29
    15 | D        | Noticed a meat berserker
    15 | D        | Noticed a bag of meat
    15 | D        | Noticed a bag of meat
    15 | D        | Noticed a meat berserker
    15 | D        | Killed a meat berserker
    15 | D        | Acquired Makhleb's second power
    15 | D        | Reached skill level 15 in Fighting
    15 | D        | Reached skill level 24 in Translocations
    15 | D        | Reached XP level 14. HP: 28/135 MP: 4/31
    15 | D        | Killed a bag of meat
    15 | D        | Reached skill level 25 in Translocations
    15 | D        | Reached XP level 15. HP: 29/144 MP: 4/33
    15 | D        | Killed a bag of meat
    15 | D        | Acquired Makhleb's third power
    15 | D        | Reached skill level 15 in Axes
    15 | D        | Demolished by a meat berserker

Vault maps used:
D:        meatsprint

Action                   |  1- 3 |  4- 6 |  7- 9 | 10-12 | 13-15 || total
-------------------------+-------+-------+-------+-------+-------++-------
Melee: Executioner's axe |     1 |       |       |     2 |     1 ||     4
